Map: Port Aleksander LE

Players

Clem

  • Race: Terran Terran
  • League: Grandmaster
  • Spawn Location: 5:00

Lambo - Winner!

  • Race: Zerg Zerg
  • League: Grandmaster
  • Spawn Location: 11:00

VOD

Have the link to the VOD?

Description

Time

  • Played on: Jan. 7, 2019, 2:57 p.m.
  • Length: 22:26
Show
View Real Time Build Order
Export as new Build Order

Clem Terran 

Build Orders: Gas First Reaper Expand, Hellion Opening, Mech 

Get SALT Encoding   

  12  0:02  SCV  
  13  0:14  SCV  
  14  0:18  Supply Depot  
  14  0:26  SCV  
  15  0:32  Refinery  
  15  0:40  SCV  
  16  0:46  Barracks  
  16  0:52  SCV  
  17  1:04  SCV  
  18  1:16  SCV  
  19  1:33  Reaper, Orbital Command  
  20  1:45  Command Center  
  20  1:56  Factory  
  20  2:00  SCV  
  21  2:09  Barracks Reactor  
  21  2:12  Supply Depot  
  21  2:15  SCV  
  22  2:18  Refinery  
  22  2:27  SCV  
  23  2:39  SCV  
  24  2:47  Starport  
  24  2:52  Hellion x2  
  24  2:53  Barracks Tech Lab  
  24  2:54  Marine  
  24  2:55  SCV  
  30  3:01  Orbital Command  
  30  3:08  SCV  
  31  3:20  SCV  
  31  3:23  Hellion x2  
  31  3:24  Marine  
  31  3:25  Starport Tech Lab  
  37  3:31  Fusion Core  
  37  3:34  SCV  
  37  3:36  SCV  
  39  3:42  Supply Depot  
  39  3:48  Hellion x2  
  43  3:50  SCV  
  43  3:52  SCV  
  43  3:54  Barracks Tech Lab  
  45  4:05  SCV  
  45  4:06  SCV, Supply Depot  
  47  4:19  Battlecruiser  
  47  4:23  SCV  
  54  4:27  SCV  
  54  4:28  Hellion x2  
  54  4:29  Refinery  
  59  4:37  Armory  
  59  4:39  SCV x2  
  59  4:42  Supply Depot  
  61  4:55  Command Center  
  61  5:04  Hellion x2  
  64  5:08  SCV  
  64  5:09  Weapon Refit  
  65  5:15  SCV  
  65  5:16  Supply Depot  
  66  5:24  Supply Depot  
  66  5:33  Hellion  
  66  5:34  Hellion  
  70  5:36  SCV x2  
  70  5:45  Refinery, Supply Depot  
  70  5:49  Battlecruiser  
  76  5:50  SCV  
  76  5:51  SCV  
  76  5:54  Barracks Tech Lab  
  76  6:01  Hellion x3  
  76  6:02  SCV  
  76  6:03  SCV  
  69  6:09  Orbital Command  
  67  6:14  SCV  
  67  6:16  Factory  
  67  6:17  Factory  
  68  6:21  Hellion  
  68  6:22  Hellion  
  68  6:24  SCV  
  73  6:26  SCV  
  73  6:29  Terran Vehicle And Ship Armor Level 1  
  74  6:37  Orbital Command  
  74  6:41  SCV x2  
  74  6:42  Supply Depot  
  74  6:43  Supply Depot  
  74  6:45  Hellion x2, Supply Depot  
  80  6:53  SCV  
  80  6:54  SCV  
  82  7:04  Mag-Field Accelerator  
  82  7:08  Siege Tank  
  91  7:10  Hellion x4, Siege Tank  
  91  7:11  SCV x2, Hellion x3  
  90  7:15  Starport Reactor  
  90  7:18  Factory, SCV  
  90  7:19  Refinery  
  90  7:20  Factory  
  90  7:22  Refinery  
  91  7:23  SCV x2  
  91  7:28  Supply Depot  
  93  7:30  SCV, Hellion x2  
  93  7:35  SCV  
  99  7:39  Hellion  
  99  7:40  Hellion  
  99  7:41  Armory, SCV  
  100  7:44  Hellion  
  100  7:45  SCV, Hellion  
  100  7:51  SCV  
  106  7:56  Infernal Pre-Igniter  
  106  7:59  Hellion x2  
  110  8:05  Factory Reactor  
  110  8:07  SCV x3  
  110  8:09  Command Center  
  113  8:13  Supply Depot  
  113  8:15  Supply Depot  
  113  8:20  Siege Tank x2  
  113  8:23  SCV, Engineering Bay  
  113  8:25  Terran Vehicle Weapons Level 1  
  120  8:27  SCV x2  
  120  8:30  Hellion  
  122  8:35  SCV  
  122  8:39  SCV  
  122  8:41  Liberator x2, Hellion  
  118  8:43  Siege Tank  
  118  8:44  SCV  
  118  8:47  Hellion  
  118  8:48  Hellion  
  126  8:51  Supply Depot  
  126  8:52  Siege Tank  
  135  9:02  Supply Depot  
  135  9:05  SCV  
  135  9:07  Siege Tank  
  139  9:13  Supply Depot  
  139  9:14  Hellion x4  
  147  9:18  SCV x2  
  147  9:23  Terran Vehicle And Ship Armor Level 2  
  149  9:24  SCV  
  149  9:25  Siege Tank  
  149  9:26  Siege Tank  
  156  9:35  Hellion x4  
  158  9:39  Refinery  
  158  9:40  Refinery  
  158  9:43  Sensor Tower  
  158  9:46  SCV x2, Sensor Tower  
  158  9:52  Siege Tank  
  163  9:58  Siege Tank  
  163  9:59  Hellion x2, Supply Depot  
  170  10:04  Viking x2  
  170  10:06  Hellion  
  176  10:12  Hellion  
  177  10:19  Planetary Fortress  
  173  10:22  SCV x2  
  173  10:24  Sensor Tower  
  173  10:25  Siege Tank  
  173  10:26  Hellion  
  180  10:34  Viking, SCV  
  169  10:37  Hellion x3  
  169  10:40  Viking  
  177  10:44  Siege Tank  
  177  10:47  Siege Tank  
  183  10:52  SCV  
  186  10:57  Hellion  
  186  10:59  SCV x2, Siege Tank  
  186  11:00  Hellion  
  186  11:03  SCV  
  194  11:04  Viking  
  195  11:11  Hellion x2  
  195  11:12  SCV  
  195  11:16  Siege Tank  
  199  11:34  Hellion x2  
  199  11:35  Hellion x2  
  199  11:39  Command Center  
  199  11:40  Command Center, Terran Vehicle And Ship Armor Level 3, Terran Ship Weapons Level 1  
  199  11:41  Starport  
  199  11:42  Starport  
  199  11:44  Starport  
  197  12:02  Viking  
  189  12:08  Viking  
  189  12:10  Cyclone x3  
  189  12:14  Hellion  
  189  12:15  Hellion  
  196  12:20  Viking  
  196  12:21  Viking  
  193  12:28  Missile Turret  
  193  12:29  Missile Turret  
  193  12:30  Command Center  
  193  12:32  Viking x2  
  197  12:38  Viking  
  196  12:49  Hellion x8  
  196  12:50  Viking  
  196  12:51  Viking, Orbital Command  
  196  13:02  Viking x2  
  192  13:07  Refinery, Sensor Tower  
  192  13:08  Refinery, Missile Turret  
  192  13:09  Hellion, Siege Tank  
  192  13:11  Missile Turret  
  197  13:19  Viking  
  198  13:20  Planetary Fortress  
  197  13:30  Missile Turret  
  197  13:32  Viking  
  199  13:37  Starport Tech Lab x3  
  194  13:59  Hellion x2  
  192  14:03  Battlecruiser  
  192  14:05  Terran Ship Weapons Level 2  
  192  14:06  Raven  
  200  14:17  Terran Vehicle Weapons Level 2  
  200  14:36  Battlecruiser  
  199  14:41  Starport  
  199  14:46  Command Center  
  199  14:57  Command Center  
  199  14:59  Missile Turret  
  199  15:28  Battlecruiser  
  195  15:29  Viking x2  
  185  15:52  Viking x2  
  185  15:55  Cyclone x3  
  185  15:56  Hellion x2  
  185  15:57  Hellion x2, Battlecruiser  
  172  15:59  Viking x2  
  172  16:01  Orbital Command  
  172  16:04  Refinery  
  176  16:09  Refinery  
  173  16:22  Viking, Battlecruiser  
  173  16:23  Sensor Tower  
  178  16:26  Terran Ship Weapons Level 3, Missile Turret  
  178  16:27  Cyclone  
  178  16:29  Viking  
  178  16:32  Battlecruiser  
  188  16:36  Hellion x4  
  188  16:37  Orbital Command  
  196  16:43  Missile Turret  
  196  16:58  Terran Vehicle Weapons Level 3  
  196  17:02  Orbital Command  
  196  17:05  Starport Tech Lab  
  196  17:10  Command Center x2  
  196  17:12  Planetary Fortress  
  196  17:14  Missile Turret x2  
  196  17:15  Missile Turret  
  196  17:18  Sensor Tower  
  196  17:24  Advanced Ballistics  
  196  17:37  Viking  
  196  17:39  Hellion x9  
  194  17:45  Battlecruiser  
  194  17:50  Missile Turret  
  198  17:52  Missile Turret  
  198  17:53  Missile Turret  
  198  18:02  Starport  
  197  18:14  Hellion x2  
  197  18:18  Viking  
  195  18:38  Viking  
  195  18:41  Viking x4  
  181  18:42  Siege Tank  
  181  18:43  Hellion, Siege Tank, Cyclone  
  161  18:48  Viking  
  161  18:50  Battlecruiser  
  160  18:55  Factory  
  160  18:57  Factory x2  
  160  18:58  Factory  
  160  19:01  Widow Mine, Drilling Claws  
  160  19:02  Widow Mine x2  
  155  19:04  Widow Mine  
  155  19:08  Viking  
  155  19:09  Liberator  
  157  19:10  Viking  
  157  19:11  Viking x3  
  157  19:15  Cyclone x3  
  174  19:21  Liberator  
  174  19:23  Liberator x2  
  174  19:25  Hellion x3  
  192  19:47  Cyclone  
  192  19:52  Liberator  
  194  19:57  Viking  
  194  20:00  Viking x2  
  194  20:05  Siege Tank  
  194  20:06  Hellion  
  191  20:07  Hellion  
  191  20:12  Factory Tech Lab  
  191  20:13  Factory Tech Lab x2  
  191  20:14  Factory Reactor  
  185  20:16  Siege Tank  
  185  20:17  Hellion x2  
  185  20:19  Siege Tank  
  192  20:27  Hellion  
  194  20:37  Command Center, Cyclone, Orbital Command  
  194  20:42  Missile Turret  
  194  20:43  Viking, Sensor Tower  
  194  20:48  Siege Tank  
  193  20:51  Siege Tank  
  193  20:52  Viking  
  193  20:55  Viking  
  193  20:57  Viking x2, Hellion x2, Cyclone  
  165  21:02  Widow Mine  
  165  21:03  Widow Mine  
  161  21:08  Viking x2  
  161  21:10  Cyclone  
  161  21:13  Viking  
  161  21:14  Orbital Command  
  161  21:17  Orbital Command  
  159  21:22  Viking  
  159  21:26  Hellion x2  
  159  21:28  Viking  
  159  21:30  Cyclone  
  159  21:32  Cyclone  
  157  21:41  Viking x2, Hellion x2  
  157  21:42  Cyclone  
  156  21:47  Hellion  
  147  21:56  Hellion  
  147  22:03  Hellion  
  147  22:05  Hellion  
Show
View Real Time Build Order
Export as new Build Order

Lambo Zerg - Winner!

Build Orders: Hatch First, Brood Lord Corruptor 

Get SALT Encoding   

  12  0:01  Drone  
  13  0:13  Overlord  
  13  0:18  Drone  
  14  0:32  Drone x2  
  16  0:49  Hatchery  
  15  0:53  Drone  
  15  0:56  Drone  
  17  1:00  Drone  
  18  1:10  Extractor  
  17  1:15  Spawning Pool  
  16  1:19  Drone  
  16  1:22  Drone  
  18  1:30  Drone  
  19  1:41  Drone  
  20  1:51  Overlord  
  20  2:02  Queen x2  
  20  2:03  Zergling x4  
  26  2:13  Metabolic Boost  
  26  2:14  Drone  
  26  2:15  Drone  
  28  2:27  Drone x2  
  30  2:39  Hatchery  
  29  2:44  Drone x2  
  31  2:52  Drone x2  
  31  2:55  Overlord  
  33  3:00  Queen  
  33  3:04  Drone  
  36  3:14  Drone x2  
  36  3:17  Drone x3  
  41  3:20  Queen  
  41  3:24  Overlord  
  43  3:27  Drone  
  44  3:41  Queen  
  44  3:42  Drone  
  44  3:43  Drone x3  
  44  3:46  Baneling Nest  
  49  3:49  Overlord, Drone  
  50  4:00  Zergling x8  
  50  4:01  Queen  
  56  4:05  Queen  
  58  4:11  Overlord  
  58  4:14  Drone x2  
  58  4:17  Drone  
  61  4:18  Drone  
  61  4:21  Overlord  
  61  4:23  Spore Crawler  
  61  4:25  Overlord  
  61  4:28  Drone  
  61  4:29  Drone x2  
  61  4:30  Drone  
  65  4:32  Drone  
  65  4:34  Drone  
  65  4:37  Drone x2  
  69  4:38  Drone  
  69  4:42  Spore Crawler  
  68  4:46  Spore Crawler, Extractor  
  68  4:47  Extractor  
  68  4:49  Zergling x6  
  68  4:52  Drone  
  69  4:55  Drone x2  
  69  4:57  Drone x2  
  73  5:01  Lair  
  73  5:04  Drone  
  73  5:05  Drone  
  75  5:08  Queen  
  75  5:09  Overlord  
  75  5:12  Baneling x3  
  75  5:13  Queen  
  79  5:18  Overlord  
  79  5:21  Overlord  
  79  5:23  Drone x3  
  79  5:25  Drone x2  
  84  5:29  Drone x2  
  84  5:30  Zergling x2  
  84  5:32  Drone x2  
  89  5:41  Baneling  
  89  5:42  Baneling x10  
  88  5:49  Drone x4  
  87  5:58  Drone x5  
  87  6:01  Drone x6  
  90  6:06  Extractor x2  
  90  6:07  Drone  
  90  6:09  Queen x2, Drone  
  92  6:11  Extractor  
  92  6:13  Zergling x2  
  92  6:14  Infestation Pit  
  92  6:17  Zergling x4  
  92  6:18  Zergling x4  
  95  6:22  Spore Crawler  
  94  6:26  Hydralisk Den  
  94  6:29  Queen  
  94  6:36  Overlord x3  
  94  6:39  Zergling x6  
  97  6:44  Queen, Drone x2  
  97  6:47  Hatchery  
  100  6:56  Overlord  
  100  6:59  Centrifical Hooks, Grooved Spines  
  100  7:00  Spore Crawler  
  100  7:01  Baneling x4  
  99  7:07  Overlord, Queen  
  101  7:09  Overlord  
  101  7:10  Overlord  
  101  7:12  Overlord  
  101  7:15  Overlord  
  101  7:18  Queen, Hydralisk  
  101  7:20  Infestor x2  
  107  7:26  Baneling  
  107  7:27  Baneling  
  107  7:33  Infestor, Neural Parasite  
  109  7:39  Evolution Chamber x2, Drone x2  
  109  7:40  Hatchery  
  109  7:44  Hydralisk x3  
  108  7:46  Hydralisk  
  116  7:51  Overlord  
  116  7:57  Overlord  
  116  7:58  Overlord  
  116  8:01  Overlord  
  116  8:03  Hive  
  116  8:04  Zergling x16  
  124  8:08  Zerg Melee Weapons Level 1  
  124  8:10  Zerg Missile Weapons Level 1  
  124  8:14  Extractor  
  124  8:19  Extractor  
  122  8:25  Spire, Baneling x2  
  121  8:30  Hydralisk x3  
  124  8:36  Hydralisk  
  124  8:37  Hydralisk  
  124  8:39  Drone  
  124  8:40  Drone x5  
  131  8:45  Queen  
  131  8:52  Spore Crawler  
  131  8:54  Drone x4  
  134  9:05  Burrow  
  132  9:10  Hydralisk x6  
  144  9:20  Queen  
  146  9:26  Hydralisk x4  
  154  9:37  Baneling x6  
  154  9:38  Zergling x2  
  154  9:39  Zergling x26  
  154  9:41  Muscular Augments  
  167  9:53  Hatchery  
  166  10:07  Zerg Melee Weapons Level 2, Zerg Missile Weapons Level 2  
  166  10:09  Greater Spire  
  166  10:11  Hydralisk x8  
  181  10:16  Overlord  
  181  10:20  Overlord  
  179  10:30  Baneling  
  179  10:31  Baneling x4  
  179  10:35  Corruptor x5  
  178  10:48  Corruptor  
  178  10:49  Corruptor  
  182  10:59  Extractor  
  182  11:02  Extractor  
  167  11:21  Brood Lord  
  167  11:22  Brood Lord x4  
  177  11:27  Drone x4  
  177  11:28  Brood Lord  
  177  11:29  Spore Crawler  
  182  11:34  Queen  
  182  11:36  Brood Lord, Extractor, Hatchery  
  182  11:37  Pathogen Glands  
  182  11:38  Extractor  
  182  11:41  Zerg Flyer Weapons Level 1  
  182  11:55  Corruptor  
  182  11:56  Corruptor x2  
  176  12:17  Corruptor x5  
  170  12:37  Corruptor x3  
  170  12:38  Hatchery  
  170  12:42  Drone x4  
  170  12:44  Drone x2  
  181  12:45  Drone x10  
  189  13:00  Viper  
  192  13:05  Hatchery  
  192  13:06  Drone x7  
  192  13:07  Spine Crawler  
  197  13:22  Overlord  
  197  13:32  Spore Crawler  
  197  13:33  Spine Crawler  
  197  13:34  Spine Crawler  
  194  13:35  Zerg Flyer Armor Level 1  
  194  13:36  Infestor x3  
  194  13:37  Spine Crawler  
  195  13:58  Viper  
  195  13:59  Viper  
  195  14:05  Brood Lord x2  
  199  14:17  Zerg Missile Weapons Level 3, Zerg Melee Weapons Level 3  
  199  14:32  Unknown  
  192  14:41  Corruptor x7  
  199  14:55  Overlord  
  199  14:57  Extractor  
  199  14:58  Hatchery  
  197  15:01  Overlord, Extractor  
  197  15:03  Overlord  
  196  15:10  Spine Crawler  
  195  15:21  Unknown  
  191  15:22  Unknown  
  188  15:29  Viper  
  188  15:31  Brood Lord  
  188  15:33  Corruptor x3  
  199  15:41  Queen  
  193  15:51  Unknown  
  191  15:58  Extractor  
  191  16:00  Corruptor x3  
  191  16:01  Corruptor x2  
  200  16:18  Overlord  
  200  16:23  Overlord  
  199  16:26  Hatchery  
  199  16:28  Zerg Flyer Armor Level 2  
  198  16:33  Drone  
  198  16:34  Spire  
  196  16:42  Drone x2  
  198  16:50  Drone  
  199  16:55  Spine Crawler  
  199  16:56  Pneumatized Carapace  
  199  16:57  Overseer x2  
  199  16:58  Spine Crawler x2  
  199  16:59  Spine Crawler  
  199  17:01  Zerg Ground Armor Level 1  
  195  17:02  Drone  
  196  17:10  Infestor  
  198  17:25  Overseer  
  197  17:58  Zerg Flyer Weapons Level 2  
  197  18:02  Drone x2  
  196  18:14  Corruptor x3  
  196  18:17  Corruptor x5  
  196  18:19  Infestor x2  
  193  18:34  Unknown x2  
  193  18:40  Hydralisk x7  
  180  18:50  Infestor x3  
  180  18:51  Infestor x2  
  188  19:04  Infestor x3  
  188  19:05  Infestor x2  
  184  19:13  Zerg Flyer Armor Level 3  
  184  19:15  Brood Lord  
  186  19:17  Brood Lord  
  186  19:25  Drone x3  
  189  19:33  Zerg Ground Armor Level 2  
  189  19:39  Brood Lord x2  
  189  19:40  Corruptor x2  
  189  19:41  Corruptor  
  199  19:55  Unknown x2  
  189  20:07  Infestor x5  
  199  20:29  Hatchery  
  199  20:33  Overseer x2  
  198  20:45  Extractor  
  198  20:49  Unknown x2  
  183  20:54  Hydralisk  
  183  20:55  Hydralisk x7  
  198  21:03  Infestor x4  
  198  21:12  Corruptor x5  
  198  21:18  Drone x5  
  193  21:19  Drone x3  
  195  21:43  Corruptor x2  
Tags
 
Add a new tag
Caveats
  • Supply blocks, unpowered buildings, or Contaminate may cause inaccurate times.
  • Supply counts are checked every 10 seconds.